 Dungeon Crawl Stone Soup version 0.26-a0-854-gdc81c2f471 (webtiles) character file.

Game seed: 6327452356912183490

65 mg7810 the Insei (level 4, 0/35 HPs)
             Began as a Human Monk on Nov 23, 2020.
             Slain by an adder (2 damage)
             ... on level 2 of the Dungeon.
             The game lasted 00:03:58 (2217 turns).

mg7810 the Insei (Human Monk)                       Turns: 2217, Time: 00:03:59

Health: 0/35       AC:  3    Str: 12    XL:     4   Next: 35%
Magic:  4/4        EV: 14    Int: 10    God:
Gold:   127        SH:  0    Dex: 16    Spells: 3/3 levels left

rFire    . . .     SeeInvis .     - Unarmed
rCold    . . .     Faith    .   (no shield)
rNeg     . . .     Spirit   .   c - +1 robe (curse)
rPois    .         Reflect  .   (no helmet)
rElec    .         Harm     .   (no cloak)
rCorr    .         Rampage  .   (no gloves)
MR       .....                  (no boots)
Stlth    ++........             (no amulet)
HPRegen  0.11/turn              (no ring)
MPRegen  0.09/turn              (no ring)

@: lethally poisoned (0 -> -4)
A: no striking features
a: no special abilities


You were on level 2 of the Dungeon.
You visited 1 branch of the dungeon, and saw 2 of its levels.

You collected 127 gold pieces.

Inventory:

Missiles
 d - a boomerang (quivered)
Armour
 a - a +0 robe
 c - a cursed +1 robe (worn)
Scrolls
 b - a scroll of teleportation
 g - a scroll of enchant armour
Potions
 e - 3 potions of heal wounds {unknown}
 f - 2 potions of curing
 h - 3 potions of brilliance {unknown}


   Skills:
 + Level 3.3 Fighting
 * Level 1.1 Throwing
 + Level 3.5 Dodging
 + Level 2.1 Stealth
 + Level 3.9 Unarmed Combat


You had 3 spell levels left.
You didn't know any spells.
Your spell library was empty.

Dungeon Overview and Level Annotations

Branches:
Dungeon (2/15)

Altars:


Message History

You barely miss the adder.
The adder is almost dead.
* * * LOW HITPOINT WARNING * * *
You feel sick. The adder misses you.
You barely miss the adder.
The adder is almost dead.
The adder closely misses you. x2
You feel better. The adder bites you.
* * * LOW HITPOINT WARNING * * *
You hit the adder.
The adder is almost dead.
The adder bites you.
* * * LOW HITPOINT WARNING * * *
You are lethally poisoned!
The adder poisons you!
You closely miss the adder.
The adder is almost dead.
* * * LOW HITPOINT WARNING * * *
You feel sick. The adder bites you.
You die...

## .###[..### #.# ..
#........# #.# #.
##.###.###.## #.#
#.#.####.##...###.####
#...............†≈...
###†##..##.##...##..≈###
#......g## ###+#..≈≈# #
#.#.#.###S### #...≈≈# #
##....####@#.# ##...≈# #
##...........## ###.≈≈### #
......####.#.# #....≈...
#.#..#..## #.### #.#######
##.#..#...###.##+#####†### #
....(........##.........#####
#.#.÷.#.....###########......
#.#.#.#.###.# #######
#.......# #.#


You could see an adder and a hobgoblin.

Vanquished Creatures
  2 adders (D:2)
  4 worms (D:2)
  2 dart slugs (D:1)
  3 bats
  A giant cockroach (D:1)
  4 goblins
  6 hobgoblins
  5 kobolds
  A ball python (D:2)
  A frilled lizard (D:1)
  3 rats
32 creatures vanquished.

Notes
Turn   | Place    | Note
-------+----------+-------------------------------------------
     0 | D:1      | mg7810 the Human Monk began the quest for the Orb.
     0 | D:1      | Reached XP level 1. HP: 18/18 MP: 1/1
   123 | D:1      | Reached XP level 2. HP: 12/24 MP: 2/2
   837 | D:1      | Reached XP level 3. HP: 24/29 MP: 3/3
  1813 | D:2      | Reached XP level 4. HP: 33/35 MP: 4/4
  1891 | D:2      | Reached skill level 1 in Throwing
  2217 | D:2      | Slain by an adder

Illustrated notes

Levels and vault maps discovered:
D:1:      eino_arrival_water_cross, layout_rooms, roderic_serpentine_path
D:2:      layout_loops_ring, serial_rivers, chequers_serial_rivers_room_a,
          chequers_serial_rivers_marsh, chequers_serial_rivers_micro_d,
          chequers_serial_rivers_micro_e, chequers_serial_rivers_micro_c,
          chequers_serial_rivers_micro_e, uniq_crazy_yiuf_cottage

Skill      XL: |  1  2  3  4 |
---------------+-------------+-----
Throwing       | 1 |  1.1
Fighting       | |  3.3
Dodging        | |  3.5
Stealth        | |  2.1
Unarmed Combat | |  3.9

Action                   |  1- 3 |  4- 6 || total
-------------------------+-------+-------++-------
Melee: Unarmed           |   123 |    45 ||   168
Throw: Boomerang         |    14 |    10 ||    24
  Use: Scroll            |     2 |       ||     2
       Potion            |     1 |     1 ||     2
Armor: Robe              |    13 |     3 ||    16
Dodge: Dodged            |    74 |    26 ||   100

Table legend: (Time is in decaauts)
 A = Elapsed time spent in this place.
 B = Non-inter-level travel time spent in this place.
 C = Inter-level travel time spent in this place.
 D = Time resting spent in this place.
 E = Time spent auto-exploring this place.
 F = Levels seen in this place.
 G = Mean time per level.
                   A        B        C        D        E       F      G
               +--------+--------+--------+--------+--------+-----+--------+
         Total |   2217 |   2190 |     27 |      0 |   1789 |   2 | 1108.5 |
       Dungeon |   2217 |   2190 |     27 |      0 |   1789 |   2 | 1108.5 |
               +--------+--------+--------+--------+--------+-----+--------+

Top non-repeatable levels by time:
     D:2: 1124 daAuts
     D:1: 1093 daAuts
